 Dungeon Crawl Stone Soup version 0.29.0-10-g45618ea6d2 (webtiles) character file.

Game seed: 17293411969299094839

24 Zeldest the Trooper (level 2, 0/24 HPs)
             Began as a Demonspawn Fighter on Sept 2, 2022.
             Slain by an orc
             ... wielding a +0 flail
              (7 damage)
             ... on level 2 of the Dungeon.
             The game lasted 00:00:34 (808 turns).

Zeldest the Trooper (Demonspawn Fighter)             Turns: 808, Time: 00:00:35

Health: 0/24       AC:  6    Str: 16    XL:     2   Next: 79%
Magic:  2/2        EV: 16    Int:  9    God:
Gold:   66         SH:  4    Dex: 12    Spells: 1/1 levels left

rFire   . . .      SeeInvis .   a - +0 war axe
rCold   . . .      Faith    .   c - +0 buckler
rNeg    . . .      Spirit   .   b - +0 scale mail
rPois   .          Reflect  .   (no helmet)
rElec   .          Harm     .   (no cloak)
rCorr   .          Rampage  .   (no gloves)
Will    .....                   (no boots)
Stlth   ..........              (no amulet)
HPRegen 0.08/turn               l - +4 ring of evasion
MPRegen 0.08/turn               k - +4 ring of evasion

@: no status effects
A: spiny 1
a: no special abilities


You were on level 2 of the Dungeon.
You visited 1 branch of the dungeon, and saw 2 of its levels.

You collected 66 gold pieces.

Inventory:

Hand Weapons
 a - a +0 war axe (weapon)
Armour
 b - a +0 scale mail (worn)
 c - a +0 buckler (worn)
Jewellery
 k - a +4 ring of evasion (right hand)
 l - a +4 ring of evasion (left hand)
Scrolls
 e - a scroll of blinking {unknown}
 g - 2 scrolls of enchant armour {unknown}
 h - a scroll of brand weapon {unknown}
 i - a scroll of identify {unknown}
 j - a scroll of teleportation {unknown}
Potions
 d - a potion of might
 f - a potion of curing {unknown}
 m - a potion of magic {unknown}
 n - a potion of heal wounds {unknown}


   Skills:
 + Level 3.2 Fighting
 * Level 2.3 Axes
 + Level 2.9 Armour
 + Level 2.9 Shields


You had one spell level left.
You didn't know any spells.
Your spell library contained the following spells:

 Spells                   Type           Power      Damage    Failure   Level
 Freeze                   Ice            0%         1d3       88%         1
 Frozen Ramparts          Ice            0%         1d1       99%         3
 Inner Flame              Hex/Fire       0%         N/A       99%         3
 Cause Fear               Hex            0%         N/A       100%        4
 Fulminant Prism          Conj/Hex       0%         3d6       100%        4
 Hailstorm                Conj/Ice       0%         3d3       100%        4
 Iskenderun's Mystic Bla  Conj/Tloc      0%         2d3       100%        4
 Lee's Rapid Deconstruct  Erth           0%         3d5*      100%        5
 Discord                  Hex            0%         N/A       100%        8


Dungeon Overview and Level Annotations

Branches:
Dungeon (2/15)

Altars:


Innate Abilities, Weirdness & Mutations

You are partially covered in sharp spines.


Message History

No target in view!
You see here a +0 war axe. 3 orcs come into view.
The orc shouts! x2; You hear a shout!
An orc comes into view. It is wielding a +0 war axe.
The orc shouts!
An orc comes into view. It is wielding a +0 war axe.
There are monsters nearby!
A quokka comes into view.
The orc is struck by your spines. The orc misses you.
There are monsters nearby!
You hit the orc.
You kill the orc!
You barely miss the orc. You closely miss the orc.
The orc completely misses you. The orc misses you.
The orc hits you with a +0 club.
You barely miss the orc. You hit the orc. You barely miss the orc.
You slash the orc!
You kill the orc!
You block the orc's attack. The orc hits you with a +0 club.
The orc misses you.
You are too injured to fight recklessly!
You are too injured to fight recklessly!
You are too injured to fight recklessly!
You hit the orc but do no damage. You hit the orc. You closely miss the orc.
The orc is struck by your spines. The orc hits you with a +0 war axe.
You block the orc's attack. The orc hits you with a +0 flail.
* * * LOW HITPOINT WARNING * * *
The quokka attacks as you move away! The quokka is struck by your spines.
The quokka completely misses you. The quokka barely misses you.
The orc attacks as you move away! The orc closely misses you.
Okay, then.
The quokka attacks as you move away! The quokka closely misses you.
You hit the quokka.
You kill the quokka!
You hit the orc but do no damage. x2; The orc is struck by your spines.
The orc hits you but does no damage. The orc barely misses you.
You block the orc's attack. The orc barely misses you.
The orc hits you with a +0 flail!
You die...

.....#.......#
.............# .........
###..........# .........
#..)........ #........
#........... #........
#........... #...... .##.
#........... #....# ....
##....####### #.o..# .....
#.....# #@o..##.....
#...### #o..........
#.....# ##...)...#
#.....##########.......#
##.....#............).###
#..................)..###
#..#.#.......)............
#........##....#....#......
...#.#...##....#....#......


You could see 3 orcs.

Vanquished Creatures
  A dart slug (D:1)
  2 orcs (D:2)
  5 bats (D:1)
  3 endoplasms
  A goblin (D:2)
  A hobgoblin (D:1)
  A quokka (D:2)
  2 ball pythons
  A frilled lizard (D:1)
  2 kobolds (D:1)
  2 rats (D:1)
21 creatures vanquished.

Notes
Turn   | Place    | Note
-------+----------+-------------------------------------------
     0 | D:1      | Zeldest the Demonspawn Fighter began the quest for the Orb.
     0 | D:1      | Reached XP level 1. HP: 18/18 MP: 1/1
   430 | D:1      | Gained mutation: You are partially covered in sharp spines.
                  | [demonic ancestry]
   430 | D:1      | Reached XP level 2. HP: 24/24 MP: 2/2
   808 | D:2      | Slain by an orc

Illustrated notes

Levels and vault maps discovered:
D:1:      lordsloth_arrival_two_stooges, layout_loops_ring, minivault_27,
          minmay_misc_feat_rows
D:2:      layout_basic, serial_glass, glass_columns_a, glass_columns_b,
          glass_columns_a, glass_columns_a

Skill      XL: |  1 |
---------------+----+-----
Axes           | 2 |  2.3
Fighting       | |  3.2
Armour         | |  2.9
Shields        | |  2.9

Action                   || total
-------------------------++-------
Melee: War axe           ||    43
Armor: Scale mail        ||    28
Dodge: Dodged            ||    37
Block: Buckler           ||    16
